Map: Eternal Empire LE

Players

soO - Winner!

  • Race: Zerg Zerg
  • Spawn Location: 1:00

Trap

  • Race: Protoss Protoss
  • League: Master
  • Spawn Location: 7:00

Event: Shopify TSL 5

VOD

Have the link to the VOD?

Description

Time

  • Played on: June 6, 2020, 8:49 a.m.
  • Length: 13:43

All games in this series

Show
View Real Time Build Order
Export as new Build Order

soO Zerg - Winner!

Build Orders: Hatch First 

Get SALT Encoding   

  12  0:00  Drone  
  13  0:12  Overlord  
  13  0:16  Drone  
  14  0:30  Drone  
  15  0:44  Hatchery  
  15  0:47  Drone  
  15  0:51  Drone  
  15  0:55  Drone  
  17  0:59  Drone  
  18  1:09  Extractor  
  17  1:15  Spawning Pool  
  16  1:21  Drone  
  16  1:24  Drone  
  18  1:31  Drone  
  19  1:42  Drone  
  20  1:52  Drone  
  21  2:01  Queen x2  
  21  2:02  Zergling x2  
  21  2:04  Overlord  
  21  2:07  Drone  
  27  2:14  Drone  
  28  2:15  Metabolic Boost  
  28  2:22  Drone  
  29  2:24  Drone  
  30  2:30  Drone  
  31  2:39  Hatchery  
  30  2:45  Queen  
  30  2:49  Overlord  
  32  2:52  Drone  
  32  2:54  Drone  
  32  2:56  Drone  
  35  2:59  Drone  
  36  3:08  Overlord  
  36  3:10  Drone x2  
  36  3:11  Drone  
  36  3:12  Drone  
  40  3:13  Drone  
  40  3:17  Drone  
  42  3:21  Queen  
  44  3:27  Drone x3  
  44  3:28  Drone  
  48  3:39  Drone  
  48  3:40  Drone  
  48  3:41  Drone, Overlord  
  51  3:47  Drone  
  52  3:50  Queen  
  52  3:51  Drone  
  52  3:53  Drone  
  52  3:54  Drone  
  57  3:57  Overlord, Roach Warren  
  57  4:01  Zergling x6  
  59  4:05  Zergling x6  
  62  4:10  Spore Crawler  
  61  4:17  Spore Crawler  
  61  4:18  Zergling x10  
  61  4:23  Zergling x8  
  69  4:25  Spore Crawler  
  68  4:33  Overlord  
  68  4:34  Zergling x8  
  68  4:38  Overlord  
  72  4:44  Overlord  
  72  4:52  Roach x5  
  76  5:02  Roach x3  
  76  5:04  Drone x4  
  76  5:05  Lair  
  83  5:09  Drone x3  
  83  5:11  Extractor x2  
  84  5:17  Drone x2  
  84  5:18  Drone  
  85  5:30  Drone x3  
  85  5:32  Extractor  
  85  5:33  Extractor  
  86  5:36  Drone x3  
  86  5:37  Overlord  
  86  5:41  Overlord  
  86  5:42  Overlord  
  89  5:47  Overlord  
  89  5:48  Overlord  
  88  5:50  Overlord  
  88  5:56  Drone  
  88  5:57  Drone x4  
  88  5:58  Drone  
  88  6:03  Extractor, Overseer  
  92  6:04  Glial Reconstitution  
  92  6:09  Evolution Chamber  
  92  6:10  Drone x2  
  93  6:12  Roach  
  93  6:13  Roach x2  
  93  6:17  Drone  
  93  6:18  Drone x3  
  103  6:23  Roach x5  
  108  6:31  Roach  
  108  6:32  Roach x2  
  108  6:35  Roach x2  
  108  6:36  Roach x2  
  108  6:39  Drone  
  112  6:41  Drone x2  
  112  6:45  Drone x2  
  108  6:51  Drone  
  108  6:52  Drone  
  108  6:55  Zerg Missile Weapons Level 1  
  108  6:59  Drone  
  108  7:00  Drone  
  110  7:08  Drone x3  
  111  7:13  Drone  
  112  7:16  Drone  
  112  7:21  Roach  
  115  7:25  Ravager x3  
  115  7:26  Ravager x2  
  120  7:32  Hatchery  
  120  7:33  Roach x5  
  120  7:35  Drone  
  129  7:39  Drone  
  127  7:46  Drone x4  
  127  7:47  Drone  
  127  7:48  Drone x2  
  127  7:49  Drone  
  121  8:10  Zergling x18  
  121  8:12  Ravager x2  
  130  8:13  Ravager x2  
  130  8:14  Drone  
  130  8:19  Baneling Nest  
  132  8:23  Roach x2, Zergling x4  
  128  8:29  Ravager  
  129  8:37  Drone x5  
  129  8:38  Drone  
  129  8:39  Roach, Zergling x2  
  129  8:40  Overlord  
  138  8:43  Overlord  
  138  8:46  Overlord  
  133  8:51  Roach x3  
  133  8:52  Roach x2  
  133  8:53  Roach  
  133  8:54  Roach  
  138  9:01  Roach  
  138  9:02  Roach x2  
  138  9:07  Centrifical Hooks  
  138  9:09  Zerg Missile Weapons Level 2  
  136  9:10  Drone  
  136  9:11  Drone x6  
  143  9:19  Infestation Pit  
  142  9:32  Unknown  
  142  9:33  Zergling x24  
  142  9:35  Drone x4  
  157  9:44  Drone  
  158  9:49  Drone x2, Spire  
  159  9:56  Hatchery  
  156  10:02  Zergling x24  
  156  10:03  Hive  
  167  10:15  Overlord  
  167  10:16  Overlord x2  
  167  10:26  Drone x3  
  167  10:32  Overlord  
  166  10:54  Zergling x26  
  168  11:10  Zergling x24  
  180  11:15  Hatchery  
  180  11:16  Greater Spire, Adrenal Glands  
  180  11:17  Spine Crawler x3  
  176  11:18  Spine Crawler  
  176  11:19  Baneling x11  
  175  11:25  Zerg Melee Weapons Level 1  
  175  11:30  Corruptor x8  
  187  11:54  Drone  
  187  11:55  Drone x2  
  187  11:56  Overlord  
  175  12:28  Brood Lord x8  
  176  12:31  Baneling  
  176  12:32  Zergling x24, Baneling x6  
  188  12:47  Zergling x20  
  188  12:50  Spine Crawler  
  197  12:52  Spine Crawler  
  197  12:58  Baneling x10  
  195  13:02  Zergling x2  
  195  13:03  Zergling x12  
  186  13:20  Zergling x12  
  186  13:21  Zergling x18  
Show
View Real Time Build Order
Export as new Build Order

Trap Protoss 

Build Orders: 1 Gate Expand, Mass Adepts 

Get SALT Encoding   

  12  0:00  Probe  
  13  0:13  Pylon  
  13  0:17  Probe (Chrono Boost)  
  14  0:27  Probe (Chrono Boost)  
  15  0:32  Probe (Chrono Boost)  
  16  0:41  Gateway  
  16  0:43  Probe  
  17  0:50  Assimilator  
  17  0:55  Probe  
  18  1:07  Probe  
  19  1:19  Probe  
  20  1:30  Nexus  
  20  1:38  Cybernetics Core  
  20  1:40  Probe  
  21  1:48  Assimilator  
  21  1:52  Probe  
  22  1:56  Pylon  
  22  2:05  Probe  
  23  2:12  Adept (Chrono Boost)  
  23  2:14  Warp Gate  
  25  2:17  Probe  
  26  2:24  Twilight Council  
  26  2:29  Probe  
  27  2:35  Stalker  
  29  2:41  Probe (Chrono Boost)  
  29  2:42  Probe (Chrono Boost)  
  31  2:51  Probe x2 (Chrono Boost)  
  33  2:56  Probe, Robotics Facility  
  33  3:00  Probe  
  35  3:09  Probe  
  35  3:12  Probe, Gateway  
  37  3:14  Resonating Glaives (Chrono Boost)  
  37  3:20  Adept  
  37  3:22  Probe  
  37  3:24  Probe  
  41  3:37  Gateway  
  41  3:38  Gateway  
  41  3:42  Warp Prism (Chrono Boost)  
  43  3:50  Pylon  
  43  3:51  Probe  
  43  3:53  Probe  
  45  3:58  Pylon  
  45  4:03  Probe  
  45  4:08  Probe  
  45  4:09  Adept x2  
  52  4:17  Observer  
  52  4:18  Assimilator  
  52  4:19  Pylon  
  52  4:23  Assimilator  
  52  4:30  Probe x2  
  54  4:33  Adept x4  
  54  4:37  Pylon  
  62  4:54  Adept x4  
  60  5:05  Immortal  
  60  5:07  Adept x4  
  60  5:13  Probe x2  
  60  5:14  Pylon  
  68  5:25  Probe  
  69  5:28  Adept x2  
  69  5:29  Adept x2  
  69  5:33  Pylon  
  77  5:41  Nexus  
  77  5:50  Immortal  
  79  6:00  Forge  
  79  6:03  Probe x2  
  81  6:11  Shield Battery  
  81  6:13  Blink  
  81  6:20  Adept x3  
  81  6:21  Adept  
  81  6:23  Probe x2  
  85  6:44  Probe  
  85  6:45  Probe  
  75  6:52  Immortal  
  67  6:55  Adept x2  
  67  6:56  Sentry x2  
  67  6:57  Probe x3  
  67  6:59  Shield Battery  
  67  7:00  Shield Battery  
  74  7:09  Probe x2  
  74  7:10  Probe  
  74  7:14  Protoss Ground Weapons Level 1 (Chrono Boost)  
  77  7:16  Sentry x2  
  77  7:22  Adept x2  
  85  7:25  Probe x2  
  85  7:26  Probe  
  85  7:28  Immortal (Chrono Boost)  
  92  7:48  Gateway  
  91  7:51  Gateway  
  91  7:54  Sentry x3, Shield Battery, Zealot  
  91  7:55  Shield Battery  
  91  7:56  Shield Battery  
  96  8:00  Immortal (Chrono Boost)  
  96  8:07  Pylon  
  96  8:08  Pylon  
  96  8:15  Shield Battery  
  96  8:17  Stalker x4  
  104  8:25  Immortal (Chrono Boost)  
  97  8:33  Pylon  
  99  8:41  Stalker x3  
  103  8:46  Sentry  
  103  8:47  Sentry  
  107  8:54  Immortal (Chrono Boost)  
  105  9:07  Charge  
  105  9:08  Gateway  
  105  9:09  Gateway  
  105  9:10  Templar Archives  
  105  9:11  Zealot, Assimilator  
  105  9:12  Assimilator  
  105  9:14  Probe x3  
  110  9:19  Photon Cannon  
  110  9:22  Pylon  
  110  9:23  Protoss Ground Weapons Level 2 (Chrono Boost)  
  110  9:24  Pylon  
  110  9:26  Pylon  
  110  9:27  Adept x2  
  114  9:33  Adept x2  
  118  9:38  Photon Cannon  
  118  9:42  Psionic Storm  
  118  9:53  Pylon  
  118  9:58  Nexus  
  118  9:59  High Templar  
  120  10:01  Probe x2  
  120  10:02  Probe  
  123  10:11  High Templar  
  123  10:12  High Templar  
  127  10:21  Immortal (Chrono Boost)  
  131  10:27  High Templar  
  129  10:30  Photon Cannon  
  129  10:33  Zealot x5  
  139  10:35  Pylon  
  132  10:55  Gateway, Warp Prism (Chrono Boost)  
  132  10:56  Gateway  
  134  10:59  High Templar x3  
  134  11:01  Zealot x4  
  148  11:19  Probe x4  
  148  11:21  Warp Prism (Chrono Boost)  
  154  11:34  High Templar x4  
  154  11:35  Zealot x4  
  170  11:41  Photon Cannon  
  170  11:43  Archon x2  
  168  11:51  Photon Cannon  
  168  11:52  Shield Battery  
  166  11:54  Shield Battery  
  166  11:58  Zealot x4  
  174  12:09  Zealot x3  
  162  12:26  Observer  
  153  12:31  High Templar x6  
  153  12:32  Stalker  
  153  12:33  Zealot x2, Stalker  
  173  12:37  Archon x3  
  173  12:40  Observer (Chrono Boost)  
  174  13:01  Stargate  
  174  13:02  Stargate  
  154  13:16  Stalker x6  
  154  13:19  Assimilator x2  
  148  13:31  Nexus  
  144  13:36  Zealot x2  
  144  13:37  Zealot x2  
Tags
 
Add a new tag
Caveats
  • Supply blocks, unpowered buildings, or Contaminate may cause inaccurate times.
  • Supply counts are checked every 10 seconds.